 Dungeon Crawl Stone Soup version 0.20.0-15-g7f486f2 (webtiles) character file.

21236 Chiseanne the Destroyer (level 12, -12/74 HPs)
             Began as a Demonspawn Wizard on June 15, 2017.
             Was an Elder of Vehumet.
             Killed from afar by a battlesphere (13 damage)
             ... created by Chiseanne's ghost
             ... on level 1 of the Orcish Mines.
             The game lasted 01:01:56 (19171 turns).

Chiseanne the Destroyer (Demonspawn Wizard)        Turns: 19171, Time: 01:01:57

Health: -12/74     AC:  8    Str:  8    XL:     12   Next: 52%
Magic:  0/37       EV: 12    Int: 22    God:    Vehumet [****..]
Gold:   9          SH:  0    Dex: 17    Spells: 20/36 levels left

rFire    + + .     SeeInvis .   a - +3 dagger (venom)
rCold    + . .     Gourm    .   (no shield)
rNeg     . . .     Faith    .   B - +2 robe {rF+}
rPois    +         Spirit   +   u - +0 helmet of the Tick {Regen+ Int-4 Dex+4}
rElec    +         Reflect  .   (no cloak)
rCorr    +         Harm     .   i - +2 pair of gloves
MR       .....                  (boots unavailable)
Stlth    +++.......             X - amulet of magic regeneration
Regen    0.7/turn               L - ring "Silloy" {Int+3 Stlth+}
MPRegen  0.7/turn               R - ring of magical power

@: lethally poisoned (-12 -> -13), resistant
A: hooves 3, powered by death 1, magic shield, magic regeneration, sturdy frame
3
a: Renounce Religion


You were on level 1 of the Orcish Mines.
You worshipped Vehumet.
Vehumet was greatly pleased with you.
You were hungry.

You visited 4 branches of the dungeon, and saw 16 of its levels.
You also visited: Ossuary.

You collected 1046 gold pieces.
You spent 1037 gold pieces at shops.

Inventory:

Hand Weapons
 a - a +3 dagger of venom (weapon)
 s - a +2 scimitar of flaming
Missiles
 k - 157 arrows
 l - 8 needles of confusion
 m - 69 poisoned needles
 o - 5 throwing nets (quivered)
 x - 92 sling bullets
 y - 9 javelins
 M - 68 bolts
Armour
 i - a +2 pair of gloves (worn)
 r - a +1 helmet
 u - the +0 helmet of the Tick (worn) {Regen+ Int-4 Dex+4}
   (You took it off Robin on level 3 of the Dungeon)

   It affects your intelligence (-4).
   It affects your dexterity (+4).
   It increases your rate of regeneration.
 B - a +2 robe of fire resistance (worn)
 C - a +3 leather armour of magic resistance
 P - a +1 ring mail of cold resistance
 T - the +8 orange crystal plate armour {Archmagi, Int+3 Clar}
   (You found it on level 9 of the Dungeon)

   It affects your intelligence (+3).
   It protects you against confusion.
Jewellery
 e - an uncursed ring of see invisible
 z - an uncursed ring of flight
 L - the ring "Silloy" (left hand) {Int+3 Stlth+}
   (You bought it in a shop on level 6 of the Dungeon)

   [ring of stealth]

   It affects your intelligence (+3).
   It makes you more stealthy.
 R - a ring of magical power (right hand)
 X - an amulet of magic regeneration (around neck)
Wands
 t - a wand of confusion (12/48)
 J - a wand of acid (5/15)
 K - a wand of paralysis (9/24)
 O - a wand of paralysis (7/24)
 Q - a wand of iceblast (9/15)
 V - a wand of iceblast (5/15)
Scrolls
 g - 2 scrolls of recharging
 p - 6 scrolls of remove curse
 q - 4 scrolls of identify
 v - 3 scrolls of blinking
 w - 3 scrolls of magic mapping
 E - 4 scrolls of fear
 I - 4 scrolls of amnesia
 N - 4 scrolls of immolation
 S - a scroll of teleportation
 Z - a scroll of fog
Potions
 b - 3 potions of heal wounds
 c - 2 potions of invisibility
 f - 5 potions of curing
 h - 3 potions of resistance
 n - a potion of flight
 D - 5 potions of agility
 G - 3 potions of lignification
Books
 F - a book of Enchantments

   Spells                             Type                      Level
   a - Cause Fear                     Hexes                        4
   b - Yara's Violent Unravelling     Hexes/Transmutation          5
   c - Silence                        Hexes/Air                    5
   d - Deflect Missiles               Charms/Air                   6
   e - Discord                        Hexes                        8
Comestibles
 d - 11 bread rations
 j - 14 fruits
 A - 28 royal jellies
 H - 7 meat rations


   Skills:
 - Level 1.7 Dodging
 - Level 1.7 Stealth
 * Level 12.9 Spellcasting
 * Level 13.7 Conjurations
   Level 1.0 Summonings
 * Level 6.3 Translocations


You had 20 spell levels left.
You knew the following spells:

 Your Spells              Type           Power        Failure   Level  Hunger
a - Magic Dart            Conj           ####         0%          1    None
b - Dazzling Spray        Conj/Hex       #####.       1%          3    None
c - Conjure Flame         Conj/Fire      #####...     1%          3    None
d - Mephitic Cloud        Conj/Pois/Air  ####....     1%          3    None
e - Passage of Golubria   Tloc           N/A          3%          4    None
f - Blink                 Tloc           N/A          1%          2    None


Dungeon Overview and Level Annotations

Branches:
Dungeon (11/15)            Temple (1/1) D:7            Lair (3/6) D:10
  Snake (0/4) Lair:3          Orc (1/2) D:11
  Swamp: Lair:2-4    Shoals: Lair:2-4

Altars:
Ashenzari
Cheibriados
Dithmenos
Fedhas
Gozag
Kikubaaqudgha
Makhleb
Nemelex Xobeh
Okawaru
Qazlal
Ru
Sif Muna
Uskayaw
Vehumet
Yredelemnul
The Shining One

Shops:
D:5 (   D:6 =   D:11 ?

Annotations:
Orc:1 Chiseanne's ghost, journeyman DsWz


Innate Abilities, Weirdness & Mutations

You have hooves in place of feet.
You regenerate a little health from kills.
When hurt, damage is shared between your health and your magic reserves.
You regenerate magic rapidly.
Your movements are significantly less encumbered by armour. (ER -6)


Message History

The spray of energy hits Chiseanne's ghost.
Chiseanne's ghost is almost destroyed.
You feel sick.
Chiseanne's ghost points at you and mumbles some strange words.
The stone arrow misses you.
The battlesphere fires!
The barrage of energy hits you!
* * * LOW HITPOINT WARNING * * *
Casting: Dazzling Spray
Confirm with . or Enter, or press ? or * to list all spells.
Aiming: Dazzling Spray
Press: ? - help, Shift-Dir - straight line, f/p - Chiseanne's ghost
Aim: Chiseanne's ghost, wielding a weapon of venom (almost destroyed)
The spray of energy hits Chiseanne's ghost.
Chiseanne's ghost is almost destroyed.
You feel sick.
Chiseanne's ghost gestures at you while chanting.
The bolt of magma hits you! You partially resist.
* * * LOW HITPOINT WARNING * * *
The battlesphere fires!
The barrage of energy hits you!
You die...

## ##.### ....##
....## ##....###
###...§...##
##...W@#....#
#...[[§§....#
##..*......##
#.#.........#
#...[.....#..#
#$..........$.#
#....).....##.##
#...........# #
........>..)#


You could see a battlesphere and Chiseanne's ghost.

Vanquished Creatures
  Harold (Lair:3)
  2 hydras (Lair:1)
  3 two-headed ogres
  Erica (D:8)
  An unseen horror (D:10)
  2 black mambas
  Joseph (D:7)
  7 spiny frogs
  4 komodo dragons
  2 hornets (D:8)
  A slime creature (D:7)
  4 blink frogs (Lair:2)
  6 hippogriffs
  3 yaks
  The ghost of loom the Conjurer, an amateur DECj (D:5)
  A wyvern (D:11)
  3 wraiths
  3 hungry ghosts
  A soldier ant (D:8)
  A swamp worm (Lair:3)
  A two-headed ogre zombie (D:11)
  5 porcupines
  5 water moccasins
  Duvessa (D:5)
  3 ice beasts
  4 orc warriors
  3 sky beasts
  4 black bears
  4 ogres
  A phantom (D:11)
  4 crocodiles
  2 centaurs (D:5)
  3 big kobolds (D:7)
  A gnoll sergeant (D:5)
  6 bullfrogs
  Dowan (D:5)
  A scorpion (D:6)
  25 killer bees
  3 electric eels
  7 wights
  2 howler monkeys (D:5)
  5 crimson imps
  8 hounds
  8 jellies
  2 centaur zombies (Ossuary)
  6 orc priests
  A centaur skeleton (D:6)
  2 gnoll shamans (D:5)
  7 orc wizards
  2 bullfrog skeletons
  An iguana (D:8)
  Natasha (thrice) (D:3)
  5 worker ants
  A killer bee zombie (D:8)
  A big kobold zombie (Ossuary)
  7 ogre zombies (D:11)
  2 hound zombies
  2 hound skeletons (D:8)
  2 mummies (Ossuary)
  A worker ant zombie (D:6)
  Robin (D:3)
  39 gnolls
  A howler monkey skeleton (D:7)
  14 adders
  3 shadow imps
  5 oozes
  An adder zombie (D:9)
  An adder skeleton (D:4)
  2 worms (D:2)
  A dart slug (D:1)
  5 leopard geckos
  31 orcs
  5 giant cockroaches
  17 goblins
  8 hobgoblins
  21 jackals
  9 kobolds
  A quokka (D:6)
  A ball python (D:3)
  5 bats (D:1)
  7 frilled lizards
  6 gnoll zombies (Ossuary)
  7 goblin zombies
  2 hobgoblin skeletons (D:11)
  3 hobgoblin zombies
  A leopard gecko skeleton (D:4)
  18 orc zombies
  7 rats
  A spectral orc (D:4)
  2 butterflies (Lair:2)
  A fungus (Lair:2)
426 creatures vanquished.

Vanquished Creatures (others)
  A bush (Lair:2)
  29 fungi
  19 plants
  11 toadstools (D:7)
60 creatures vanquished.

Grand Total: 486 creatures vanquished

Notes
Turn   | Place    | Note
-------+----------+-------------------------------------------
     0 | D:1      | Chiseanne the Demonspawn Wizard began the quest for the Orb.
     0 | D:1      | Reached XP level 1. HP: 13/13 MP: 4/4
   473 | D:1      | Gained mutation: When hurt, damage is shared between your health and your magic reserves. [demonic ancestry]
   473 | D:1      | Reached XP level 2. HP: 19/19 MP: 3/6
   514 | D:1      | Reached skill level 2 in Conjurations
  1117 | D:1      | Gained mutation: You have large cloven feet. [demonic ancestry]
  1117 | D:1      | Reached XP level 3. HP: 24/24 MP: 6/8
  1487 | D:1      | Learned a level 2 spell: Blink
  1491 | D:1      | Learned a level 3 spell: Conjure Flame
  1495 | D:1      | Learned a level 3 spell: Mephitic Cloud
  1534 | D:2      | Found an ancient bone altar of Kikubaaqudgha.
  2347 | D:3      | Noticed Robin
  2367 | D:3      | Killed Robin
  2367 | D:3      | Reached XP level 4. HP: 16/30 MP: 0/10
  2381 | D:3      | Got a translucent helmet
  2384 | D:3      | Reached skill level 3 in Conjurations
  2554 | D:3      | Identified the +0 helmet of the Tick {Regen+ Int-4 Dex+4} (You took it off Robin on level 3 of the Dungeon)
  2581 | D:3      | Found an opulent altar of Gozag.
  2643 | D:3      | Gained mutation: You regenerate magic rapidly. [demonic ancestry]
  2643 | D:3      | Reached XP level 5. HP: 24/35 MP: 2/11
  3079 | D:3      | Found an iron altar of Okawaru.
  3128 | D:3      | Noticed Natasha
  3137 | D:3      | Killed Natasha
  3137 | D:3      | Reached skill level 4 in Conjurations
  3206 | D:3      | Noticed Natasha
  3215 | D:3      | Killed Natasha
  3523 | D:3      | Noticed Natasha
  3532 | D:3      | Killed Natasha
  3696 | D:4      | Found a sand-covered staircase.
  3699 | D:4      | Gained mutation: You have hoof-like feet. [demonic ancestry]
  3699 | D:4      | Reached XP level 6. HP: 37/41 MP: 8/13
  3763 | Ossuary  | Entered an ossuary
  3809 | Ossuary  | Reached skill level 5 in Spellcasting
  4652 | D:4      | Reached skill level 5 in Conjurations
  4853 | D:4      | Gained mutation: Your movements are slightly less encumbered by armour. (ER -2) [demonic ancestry]
  4853 | D:4      | Reached XP level 7. HP: 43/46 MP: 4/15
  5316 | D:4      | Found a basalt altar of Yredelemnul.
  5432 | D:4      | Noticed a water elemental
  5433 | D:4      | Found a stormy altar of Qazlal.
  5443 | D:4      | Noticed a fire elemental
  5446 | D:4      | Noticed an air elemental
  5630 | D:5      | Entered Level 5 of the Dungeon
  5643 | D:5      | Noticed loom's ghost (amateur DECj)
  5747 | D:5      | Reached skill level 6 in Conjurations
  5906 | D:5      | Noticed Duvessa
  5909 | D:5      | Noticed Dowan
  5948 | D:5      | Killed Duvessa
  5953 | D:5      | Killed Dowan
  5953 | D:5      | Gained mutation: Your movements are less encumbered by armour. (ER -4) [demonic ancestry]
  5953 | D:5      | Reached XP level 8. HP: 30/52 MP: 3/18
  6092 | D:5      | Found Visumos's Antique Weapon Shoppe.
  6245 | D:5      | Reached skill level 7 in Conjurations
  6681 | D:5      | Killed loom's ghost
  7288 | D:5      | Reached skill level 8 in Conjurations
  7638 | D:5      | Gained mutation: You have hooves in place of feet. [demonic ancestry]
  7638 | D:5      | Reached XP level 9. HP: 57/57 MP: 17/21
  8591 | D:6      | Found Lioth's Jewellery Emporium.
  8599 | D:6      | Bought the ring "Silloy" {Int+3 Stlth+} for 431 gold pieces
  8814 | D:7      | Noticed Joseph
  8833 | D:7      | Killed Joseph
  8833 | D:7      | Reached skill level 9 in Conjurations
  9563 | D:7      | Found a staircase to the Ecumenical Temple.
  9674 | Temple   | Entered the Ecumenical Temple
  9717 | Temple   | Became a worshipper of Vehumet
 10036 | D:7      | Reached skill level 10 in Conjurations
 10237 | D:7      | Gained mutation: Your movements are significantly less encumbered by armour. (ER -6) [demonic ancestry]
 10237 | D:7      | Reached XP level 10. HP: 63/63 MP: 17/23
 10461 | D:8      | Noticed Erica
 10483 | D:8      | Killed Erica
 10483 | D:8      | Reached skill level 10 in Spellcasting
 10563 | D:8      | Noticed a two-headed ogre
 10703 | D:8      | Killed a two-headed ogre
 10980 | D:8      | Reached * piety under Vehumet
 10980 | D:8      | Offered knowledge of Flame Tongue by Vehumet.
 10980 | D:8      | Reached skill level 11 in Conjurations
 11649 | D:9      | Found Ingybai's Incredible Inventory.
 12066 | D:9      | Found a deep blue altar of Sif Muna.
 12171 | D:10     | Entered Level 10 of the Dungeon
 12313 | D:10     | Noticed a two-headed ogre
 12343 | D:10     | Killed a two-headed ogre
 12559 | D:10     | Gained mutation: You regenerate a little health from kills. [demonic ancestry]
 12559 | D:10     | Reached XP level 11. HP: 65/68 MP: 26/26
 12564 | D:10     | Offered knowledge of Sandblast by Vehumet.
 12577 | D:10     | Reached ** piety under Vehumet
 12610 | D:10     | Reached skill level 12 in Conjurations
 12827 | D:10     | Killed an unseen horror
 13043 | D:10     | Found a staircase to the Lair.
 13513 | D:11     | Learned a level 4 spell: Passage of Golubria
 13535 | D:11     | Noticed a two-headed ogre
 13564 | D:11     | Killed a two-headed ogre
 13564 | D:11     | Reached skill level 1 in Translocations
 13770 | D:6      | Bought an uncursed amulet of magic regeneration for 420 gold pieces
 14058 | D:11     | Found a staircase to the Orcish Mines.
 14098 | D:11     | Offered knowledge of Dazzling Spray by Vehumet.
 14182 | D:11     | Reached *** piety under Vehumet
 14395 | D:11     | Learned a level 3 spell: Dazzling Spray
 14683 | D:11     | Offered knowledge of Olgreb's Toxic Radiance by Vehumet.
 14712 | D:11     | Found Ciedek's Magic Scroll Shoppe.
 14807 | D:11     | Noticed a green ugly thing
 15007 | Lair:1   | Entered Level 1 of the Lair of Beasts
 15266 | Lair:1   | Noticed a seven-headed hydra
 15281 | Lair:1   | Killed a seven-headed hydra
 15553 | Lair:1   | Noticed a five-headed hydra
 15569 | Lair:1   | Killed a five-headed hydra
 16114 | Lair:2   | Reached skill level 13 in Conjurations
 16484 | Lair:2   | Reached XP level 12. HP: 50/74 MP: 3/28
 16670 | Lair:2   | Reached skill level 5 in Translocations
 17121 | Lair:2   | Reached **** piety under Vehumet
 17228 | Lair:2   | Offered knowledge of Lee's Rapid Deconstruction by Vehumet.
 17553 | Lair:3   | Noticed Harold
 17636 | Lair:3   | Noticed a death yak
 17647 | Lair:3   | Noticed a death yak
 18185 | Lair:3   | Killed Harold
 18263 | Lair:3   | Found a staircase to the Snake Pit.
 18533 | Orc:1    | Entered Level 1 of the Orcish Mines
 18578 | Orc:1    | Noticed Chiseanne's ghost (journeyman DsWz)
 19091 | D:11     | Bought a scroll of teleportation for 36 gold pieces
 19091 | D:11     | Bought a scroll of fear for 42 gold pieces
 19091 | D:11     | Bought a scroll of identify for 24 gold pieces
 19091 | D:11     | Bought a scroll of immolation for 42 gold pieces
 19091 | D:11     | Bought a scroll of immolation for 42 gold pieces
 19171 | Orc:1    | HP: 1/74 [Chiseanne's ghost/bolt of magma (18)]
 19171 | Orc:1    | Killed from afar by a battlesphere

Skill      XL: |  1  2  3  4  5  6  7  8  9 10 11 12 |
---------------+-------------------------------------+-----
Conjurations   | 2 3 4 5 6 8 10 11 13 | 13.7
Spellcasting   | 4 5 6 8 9 11 12 | 12.9
Translocations | 4 6 |  6.3
Dodging        | |  1.7
Stealth        | |  1.7
Summonings     | |  1.0

Action                   |  1- 3 |  4- 6 |  7- 9 | 10-12 || total
-------------------------+-------+-------+-------+-------++-------
Melee: Dagger            |    28 |    63 |   154 |   202 ||   447
       Kick              |     2 |    10 |    41 |    63 ||   116
 Cast: Magic Dart        |    77 |   159 |   355 |   693 ||  1284
       Mephitic Cloud    |     2 |     6 |    28 |    52 ||    88
       Conjure Flame     |       |       |    15 |    36 ||    51
       Blink             |       |       |     4 |    19 ||    23
       Dazzling Spray    |       |       |       |   212 ||   212
Evoke: Wand              |       |       |    12 |     8 ||    20
       Box of beasts     |       |       |       |     1 ||     1
  Use: Scroll            |     4 |     8 |     5 |    14 ||    31
       Potion            |       |     1 |       |     2 ||     3
 Stab: Sleeping          |     1 |       |     2 |     1 ||     4
       Confused          |     2 |       |     1 |     5 ||     8
       Invisible         |       |       |       |     8 ||     8
       Paralysed         |       |       |       |     4 ||     4
  Eat: Chunk             |     4 |    18 |    16 |    20 ||    58
Armor: Robe              |     5 |    21 |    49 |   110 ||   185
Dodge: Dodged            |    18 |    56 |   113 |   252 ||   439
